 Dungeon Crawl Stone Soup version 0.29.0-7-g18a832c13a (webtiles) character file.

Game seed: 15623213213774627727

262 SnakkuSnakku7 the Chucker (level 6, -1/47 HPs)
             Began as a Djinni Chaos Knight on Aug 31, 2022.
             Was a Plaything of Xom.
             Slain by a steam dragon (2 damage)
             ... on level 6 of the Dungeon.
             The game lasted 00:05:48 (3854 turns).

SnakkuSnakku7 the Chucker (Djinni Chaos Knight)     Turns: 3854, Time: 00:05:49

Health: -1/47      AC:  6    Str: 12 (13) XL:     6   Next: 42%
Gold:   153        EV: 11    Int: 13 (14) God:    Xom [......] SH:  0 Dex: 10

rFire   + + .      SeeInvis .   a - +0 dagger (venom)
rCold   x . .      Faith    .   (no shield)
rNeg    . . .      Spirit   .   b - +2 leather armour
rPois   ∞          Reflect  .   l - +0 helmet
rElec   .          Harm     .   (no cloak)
rCorr   .          Rampage  .   (no gloves)
Will    .....                   (boots unavailable)
Stlth   +.........              (no amulet)
HPRegen 0.15/turn               (no ring)
MPRegen 0.00/turn               (no ring)

@: flying, unable to drink
A: sickness immunity, fire resistance 2, cold vulnerability 1, float, innate
caster, HP casting, extra vitality 1, clumsy 1, deterioration 1, screaming 1,
inability to drink after injury 2
a: Renounce Religion


You were on level 6 of the Dungeon.
You worshipped Xom.
You were a very special plaything of Xom.
You visited 1 branch of the dungeon, and saw 5 of its levels.

You collected 153 gold pieces.

Inventory:

Hand Weapons
 a - a +0 dagger of venom (weapon)
 j - a +0 mace of chaos
Missiles
 e - 15 poisoned darts
Armour
 b - a +2 leather armour (worn)
 l - a +0 helmet (worn)
Wands
 w - a wand of paralysis (2)
Scrolls
 i - a scroll of enchant weapon {unknown}
 m - 2 scrolls of magic mapping {unknown}
 p - 2 scrolls of teleportation {unknown}
 q - a scroll of noise {unknown}
 t - a scroll of torment {unknown}
 x - a scroll of fear {unknown}
Potions
 d - 4 potions of lignification {unknown}
 f - a potion of flight {unknown}
 g - a potion of ambrosia {unknown}
 h - 3 potions of attraction {unknown}
 k - 3 potions of curing {unknown}
 n - a potion of invisibility {unknown}
 o - a potion of brilliance {unknown}
 r - a potion of haste {unknown}
 s - a potion of mutation {unknown}
 u - 2 potions of heal wounds {unknown}
 v - a potion of magic {unknown}
Miscellaneous
 c - a piece from Xom's chessboard (15/15) (quivered)


   Skills:
 + Level 4.0 Fighting
 - Level 2.9 Maces & Flails
 - Level 4.0 Throwing
 - Level 1.0 Armour
 - Level 2.1 Dodging


You had 2 spell levels left.
You knew the following spells:

 Your Spells              Type           Power      Damage    Failure   Level
a - Shock                 Conj/Air       0%         1d3       36%         1
b - Static Discharge      Conj/Air       0%         3-3/arc   52%         2
Your spell library was empty.

Dungeon Overview and Level Annotations

Branches:
Dungeon (4/15)
 Temple: D:4-7

Altars:

Shops:
D:4 =

Annotations:
D:3 3 runed translucent doors, Adrian566's ghost, amateur DsFi


Innate Abilities, Weirdness & Mutations

You are immune to sickness and miasma.
You are immune to poison.
Your flesh is very heat resistant. (rF++)
You are vulnerable to cold. (rC-)
You float through the air rather than walking.
You learn spells naturally, not from books.
Your magical power is your life essence.
You have superior vitality. (+4 MHP)
You are clumsy. (Dex -2)
Your body sometimes deteriorates upon taking damage.
You occasionally shout uncontrollably at your foes.
You sometimes lose the ability to drink potions when taking damage.


Message History

You are too injured to fight recklessly!
You hit the steam dragon but do no damage.
The steam dragon is lightly wounded.
The steam dragon breathes steam at you. The ball of steam misses you.
You barely miss the steam dragon.
The steam dragon is lightly wounded.
The steam dragon misses you. The steam dragon claws you.
You hit the steam dragon but do no damage.
The steam dragon is moderately wounded.
The steam dragon barely misses you. The steam dragon claws you.
You closely miss the steam dragon.
The steam dragon is moderately wounded.
The steam dragon breathes steam at you. The ball of steam hits you. You resist.
* * * LOW HITPOINT WARNING * * *
The steam dragon attacks as you move away!
The steam dragon bites you but does no damage.
The steam dragon claws you.
* * * LOW HITPOINT WARNING * * *
You barely miss the steam dragon.
You punch the steam dragon, but do no damage.
The steam dragon is moderately wounded.
The steam dragon bites you!
* * * LOW HITPOINT WARNING * * *
Your body deteriorates!
You feel weakened. The steam dragon claws you.
* * * LOW HITPOINT WARNING * * *
The steam dragon attacks as you move away!
The steam dragon bites you.
* * * LOW HITPOINT WARNING * * *
The steam dragon barely misses you.
You see here a ring of flight.
You cannot drink potions in your current state!
You hit the steam dragon but do no damage.
The steam dragon looks even sicker.
The steam dragon is moderately wounded.
The steam dragon bites you.
You die...
Xom howls with laughter!

#..............##.###.#
....#......##...#...#
.# #. ###.#..####...###
.# #.##.##...### .#
#.##....### .#
#..#.....# ###....##.
##.D...## #§.#@.##
#§##..# #.. ....#
..$........
.##.#.....### ..
........# . #.##......
.. #.....##


You could see a steam dragon (very poisoned).

Vanquished Creatures
  An orc priest (D:3)
  An orc wizard (D:3)
  4 adders
  4 dart slugs
  10 orcs
  2 bats
  8 endoplasms
  A giant cockroach (D:1)
  8 goblins
  7 hobgoblins
  A jackal (D:1)
  10 kobolds
  4 quokkas
  7 ball pythons
  2 frilled lizards
  4 rats
74 creatures vanquished.

Vanquished Creatures (collateral kills)
  A phantom (D:4)
  An orc (D:4)
  A quokka (D:4)
3 creatures vanquished.

Grand Total: 77 creatures vanquished

Notes
Turn   | Place    | Note
-------+----------+-------------------------------------------
     0 | D:1      | SnakkuSnakku7 the Djinni Chaos Knight began the quest for
                  | the Orb.
     0 | D:1      | Reached XP level 1. HP: 20/20 MP: 0/0
   100 | D:1      | Reached XP level 2. HP: 25/25 MP: 0/0
   268 | D:1      | Reached skill level 1 in Throwing
   507 | D:1      | XOM: 4-stop teleportation journey
   573 | D:1      | XOM: polymorph giant cockroach -> jackal
   574 | D:1      | XOM: enchant monster (bad)
   602 | D:1      | Reached XP level 3. HP: 30/30 MP: 0/0
   602 | D:1      | Learned a level 1 spell: Shock
   661 | D:1      | Found a faded altar of an unknown god.
   888 | D:1      | XOM: polymorph rat -> kobold
   891 | D:1      | XOM: divination: detect items
  1100 | D:2      | XOM: 1-stop teleportation journey
  1161 | D:2      | XOM: butterfly on damage
  1165 | D:2      | XOM: noise
  1312 | D:2      | Reached XP level 4. HP: 35/35 MP: 0/0
  1876 | D:2      | XOM: noise
  2059 | D:3      | XOM: swap monsters
  2097 | D:3      | XOM: summons 2 friendly demons
  2099 | D:3      | Reached XP level 5. HP: 39/40 MP: 0/0
  2099 | D:3      | Learned a level 2 spell: Static Discharge
  2102 | D:3      | XOM: 4-stop teleportation journey
  2729 | D:3      | XOM: give mutation
  2729 | D:3      | Gained mutation: You are clumsy. (Dex -2) [Xom's mischief]
  2902 | D:3      | XOM: noise
  3095 | D:3      | Found a runed translucent gate.
  3096 | D:3      | Found a runed translucent gate.
  3096 | D:3      | Noticed Adrian566's ghost (amateur DsFi)
  3097 | D:3      | Found a runed translucent gate.
  3107 | D:3      | XOM: noise
  3198 | D:4      | Noticed a phantom
  3224 | D:4      | XOM: fog
  3225 | D:4      | XOM: cast spell 'Necromutation'
  3226 | D:4      | XOM: summons friendly shadow imp
  3237 | D:4      | Killed a phantom
  3238 | D:4      | Reached XP level 6. HP: 44/47 MP: 0/0
  3381 | D:4      | XOM: 1-stop teleportation journey
  3392 | D:4      | Found Reigh's Jewellery Boutique.
  3790 | D:4      | XOM: give mutations
  3790 | D:4      | Gained mutation: You occasionally lose the ability to drink
                  | potions when taking damage. [Xom's mischief]
  3790 | D:4      | Gained mutation: You occasionally shout uncontrollably at
                  | your foes. [Xom's mischief]
  3790 | D:4      | Gained mutation: You sometimes lose the ability to drink
                  | potions when taking damage. [Xom's mischief]
  3790 | D:4      | Gained mutation: Your body sometimes deteriorates upon
                  | taking damage. [Xom's mischief]
  3814 | D:4      | You are sucked into a shaft and drop 2 floors!
  3841 | D:6      | Noticed a steam dragon
  3852 | D:6      | HP: 2/47 [steam dragon (2)]
  3854 | D:6      | Slain by a steam dragon

Illustrated notes

Levels and vault maps discovered:
D:1:      mrwooster_arrival_statue, layout_loops_ring,
          hellmonk_ecumenical_altar_prayer_group, minivault_25,
          nicolae_figureground_sparkle
D:2:      layout_basic
D:3:      layout_rooms, biasface_ghost_orc_armoury, minmay_ruptured
D:4:      kennysheep_big_flooded_room, layout_layer_cave,
          minmay_shop_enchanted_jewellery
D:6:      layout_rooms, nicolae_ossuary_entry_catacombs

Skill      XL: |  1  2  3  4  5  6 |
---------------+-------------------+-----
Throwing       | 1 2 3 4 |  4.0
Fighting       | 4 |  4.0
Maces & Flails | |  2.9
Armour         | |  1.0
Dodging        | |  2.1

Action                   |  1- 3 |  4- 6 || total
-------------------------+-------+-------++-------
Melee: Mace              |    53 |       ||    53
       Dagger            |    58 |   184 ||   242
       Punch             |     1 |     2 ||     3
Evoke: Piece from Xom's  |       |     2 ||     2
 Stab: Paralysed         |     2 |     7 ||     9
Armor: Leather armour    |    45 |    61 ||   106
Dodge: Dodged            |    68 |    95 ||   163
